 Dungeon Crawl Stone Soup version 0.28.0-1-gb440e238dd (webtiles) character file.

Game seed: 4028303956813301913

681 MacCMillion the Cleaver (level 7, -1/61 HPs)
             Began as a Minotaur Fighter on Feb 21, 2022.
             Was an Initiate of Hepliaklqana.
             Slain by an orc wizard (14 damage)
             ... on level 4 of the Dungeon.
             The game lasted 00:06:32 (3722 turns).

MacCMillion the Cleaver (Minotaur Fighter)          Turns: 3722, Time: 00:06:32

Health: -1/61      AC:  7    Str: 22 (23) XL:     7   Next: 34%
Magic:  0/6        EV:  9    Int:  4 (5)  God:    Hepliaklqana [......]
Gold:   140        SH:  4    Dex:  7 (9)  Spells: 6/6 levels left

rFire   + . .      SeeInvis .   a - +0 war axe
rCold   . . .      Faith    .   c - +0 buckler
rNeg    . . .      Spirit   +   b - +0 scale mail
rPois   .          Reflect  .   (helmet restricted)
rElec   .          Harm     .   (no cloak)
rCorr   .          Rampage  .   (no gloves)
Will    .....                   (no boots)
Stlth   ..........              i - amulet of guardian spirit
HPRegen 0.20/turn               h - ring of protection from fire
MPRegen 0.10/turn               (no ring)

@: brilliant, invisible
A: horns 2, retaliatory headbutt
a: Renounce Religion


You were on level 4 of the Dungeon.
You worshipped Hepliaklqana.
Hepliaklqana was noncommittal.
You visited 1 branch of the dungeon, and saw 4 of its levels.

You collected 140 gold pieces.

Inventory:

Hand Weapons
 a - a +0 war axe (weapon)
Missiles
 v - a boomerang
Armour
 b - a +0 scale mail (worn)
 c - a +0 buckler (worn)
Jewellery
 h - a ring of protection from fire (left hand)
 i - an amulet of guardian spirit (around neck)
Wands
 n - a wand of mindburst (13)
 s - a wand of flame (13) (quivered)
Scrolls
 f - a scroll of enchant weapon {unknown}
 k - 4 scrolls of fog {unknown}
 l - a scroll of blinking {unknown}
 m - 5 scrolls of identify {unknown}
 p - a scroll of noise {unknown}
 r - a scroll of enchant armour {unknown}
 t - a scroll of silence {unknown}
Potions
 d - a potion of brilliance
 e - a potion of degeneration
 o - a potion of mutation {unknown}
 q - a potion of haste {unknown}
 u - a potion of heal wounds {unknown}


   Skills:
 - Level 5.0 Fighting
 * Level 8.6 Axes
 - Level 5.0 Armour
 - Level 4.0 Shields


You had 6 spell levels left.
You didn't know any spells.
Your spell library contained the following spells:

 Spells                   Type           Power      Damage    Failure   Level
 Animate Skeleton         Necr           0%         N/A       88%         1
 Apportation              Tloc           0%         N/A       88%         1
 Beastly Appendage        Tmut           0%         N/A       88%         1
 Summon Small Mammal      Summ           0%         N/A       88%         1
 Wereblood                Tmut           0%         N/A       95%         2
 Spider Form              Tmut/Pois      0%         N/A       99%         3


Dungeon Overview and Level Annotations

Branches:
Dungeon (4/15)             Temple (0/1) D:4

Altars:
Hepliaklqana
Nemelex Xobeh

Annotations:
D:3 1 runed translucent door, Crazy Yiuf


Innate Abilities, Weirdness & Mutations

You have a pair of horns on your head.
You reflexively headbutt those who attack you in melee.


Message History

You hit the orc wizard.
The orc wizard hits you with a +2 dagger of electrocution.
You are electrocuted!
* * * LOW HITPOINT WARNING * * *
You hit the orc wizard. Your headbutt misses the orc wizard.
The orc wizard is heavily wounded.
The orc wizard casts a spell at you.
You are confused.
You hit the orc wizard. Your headbutt misses the orc wizard.
The orc wizard is severely wounded.
The orc wizard gestures at you while chanting.
The magic dart hits you.
* * * LOW HITPOINT WARNING * * *
It was a potion of degeneration.
There was something very wrong with that liquid.
You feel weakened.
You feel dopey.
You feel clumsy.
The orc wizard hits you but does no damage.
The orc wizard points at you and mumbles some strange words.
You are more confused.
The orc wizard misses you.
Things that are here:
a +0 club; a +0 chain mail; an orc corpse It was a potion of brilliance.
You feel clever all of a sudden. The orc wizard closely misses you.
It was a potion of invisibility.
You fade into invisibility!
The orc wizard closely misses you.
The orc wizard points at you and mumbles some strange words.
The magic dart hits you.
* * * LOW HITPOINT WARNING * * *
The orc wizard closely misses you.
You bump into the rock wall.
The orc wizard hits you with a +2 dagger of electrocution.
* * * LOW HITPOINT WARNING * * *
It was a potion of curing.
You feel better.
The orc wizard hits you with a +2 dagger of electrocution.
* * * LOW HITPOINT WARNING * * *
You are electrocuted!
You die...

# ...### # . ....# ..# ..##
#.#.#...###
..##...#.....#.....#
>..................#
..........#...."...##
........#.......)...### ##
.........##....#.o....###.#
..............##@).#......###
.............###.#..#.......##
.............[#....##........#
#..................##.....(.#
#.........................###
......<....#......#.........#
##.........#.#...##...........
.#####...)..##..##............
######..............##........


You could see an orc wizard.

Vanquished Creatures
  Grinder (D:3)
  A scorpion (D:4)
  An orc priest (D:4)
  A hound (D:4)
  A gnoll shaman (D:4)
  Terence (D:2)
  Jessica (D:2)
  2 iguanas
  An orc wizard (D:4)
  Robin (D:2)
  4 gnolls (D:4)
  5 adders
  3 worms
  3 dart slugs
  8 orcs
  4 bats
  11 endoplasms
  5 giant cockroaches
  15 goblins
  7 hobgoblins
  A quokka (D:4)
  8 ball pythons
  5 frilled lizards
  4 kobolds
  7 rats
101 creatures vanquished.

Notes
Turn   | Place    | Note
-------+----------+-------------------------------------------
     0 | D:1      | MacCMillion the Minotaur Fighter began the quest for the
                  | Orb.
     0 | D:1      | Reached XP level 1. HP: 19/19 MP: 0/0
   157 | D:1      | Reached XP level 2. HP: 23/27 MP: 1/1
   309 | D:1      | Reached skill level 3 in Axes
   512 | D:1      | Reached XP level 3. HP: 33/33 MP: 2/2
   706 | D:2      | Noticed Robin
   939 | D:2      | Killed Robin
   984 | D:2      | Noticed Terence
  1000 | D:2      | Killed Terence
  1001 | D:2      | Reached skill level 4 in Axes
  1001 | D:2      | Reached XP level 4. HP: 18/41 MP: 3/3
  1408 | D:2      | You fall into a shaft and drop 1 floor!
  1423 | D:3      | Noticed Grinder
  1439 | D:3      | Killed Grinder
  1440 | D:3      | Reached skill level 5 in Fighting
  1440 | D:3      | Reached skill level 5 in Axes
  1440 | D:3      | Reached skill level 5 in Armour
  1440 | D:3      | Reached XP level 5. HP: 31/48 MP: 4/4
  1440 | D:3      | Reached XP level 6. HP: 36/56 MP: 5/5
  1565 | D:3      | Found a hazy altar of Hepliaklqana.
  1575 | D:3      | Became a worshipper of Hepliaklqana the Forgotten
  1645 | D:3      | Reached skill level 6 in Axes
  1804 | D:3      | Found a sparkling altar of Nemelex Xobeh.
  2264 | D:3      | Found a runed translucent door.
  2265 | D:3      | Noticed Crazy Yiuf
  2481 | D:4      | Reached skill level 7 in Axes
  3047 | D:2      | Noticed Jessica
  3051 | D:2      | Reached XP level 7. HP: 61/61 MP: 6/6
  3055 | D:2      | Killed Jessica
  3506 | D:4      | Found a staircase to the Ecumenical Temple.
  3542 | D:4      | Reached skill level 8 in Axes
  3722 | D:4      | Slain by an orc wizard

Illustrated notes

Levels and vault maps discovered:
D:1:      dpeg_arrival_connections, layout_basic
D:2:      layout_basic, uniq_jessica, uniq_robin, uniq_terence
D:3:      layout_loops_ring, mainiacjoe_overflow_tiny_flanked,
          lemuel_crystal_altar, uniq_grinder, uniq_crazy_yiuf_cottage
D:4:      layout_cave_pools, nicolae_ru_path_of_blood,
          minmay_temple_entry_antechambers

Skill      XL: |  1  2  3  4  5  6  7 |
---------------+----------------------+-----
Axes           | 3 4 5 7 8 |  8.6
Fighting       | 4 5 |  5.0
Shields        | 4 |  4.0
Armour         | 4 5 |  5.0

Action                   |  1- 3 |  4- 6 |  7- 9 || total
-------------------------+-------+-------+-------++-------
Melee: War axe           |    89 |    84 |    49 ||   222
       Headbutt          |    11 |    12 |    11 ||    34
Evoke: Wand              |       |     4 |       ||     4
  Use: Potion            |       |     1 |     4 ||     5
Armor: Scale mail        |    60 |    27 |    23 ||   110
Dodge: Dodged            |    48 |    43 |    33 ||   124
Block: Buckler           |    21 |    17 |     9 ||    47
